[Event "Djerba Festival Open-A 2024"]
[Site "Djerba"]
[Date "2024.02.23"]
[Round "6.3"]
[White "Amdouni, Zoubaier"]
[Black "Abbes, Ali"]
[Result "1-0"]
[ECO "C45"]
[WhiteElo "2209"]
[BlackElo "2218"]
[Annotator "RC"]
[PlyCount "101"]
[EventDate "2024.02.18"]
[EventType "swiss"]
[EventCountry "TUN"]
[SourceTitle "playchess.com"]
[Source "ChessBase"]
[SourceQuality "1"]
[TimeControl "5400+30"]

1. e4 e5 2. Nf3 Nc6 3. d4 exd4 4. Nxd4 Nf6 5. Nxc6 bxc6 6. Nd2 d5 7. exd5 cxd5 8. Bb5+ Bd7 9. Bxd7+ Qxd7 10. O-O Be7 11. Nf3 O-O 12. Bg5 h6 13. Bh4 Rfe8 14. Re1 c6 15. Qd3 Qb7 16. Nd4 Ne4 17. Bxe7 Rxe7 18. f3 Ng5 19. Rxe7 Qxe7 20. Nxc6 Qc5+ 21. Nd4 Re8 22. c3 Ne6 23. Qb5 Qxb5 24. Nxb5 a6 25. Nd6 Rb8 26. b3 g6 27. Rd1 Nc7 28. c4 dxc4 29. Nxc4 Nb5 30. Rd3 Re8 31. a4 Nc7 32. Rd7 Ne6 33. Nd6 Nc5 34. Nxe8 Nxd7 35. a5 Nb8 36. Nc7 Kf8 37. b4 Ke7 38. b5 axb5 39. a6 Nxa6 40. Nxa6 Kd6 41. Kf2 Kd5 42. Ke3 Kc4 43. h4 b4 44. Nxb4 Kxb4 45. Kd4 f6 46. Kd5 g5 47. Ke6 Kc4 48. Kxf6 gxh4 49. Kg6 Kd4 50. Kxh6 Ke3 51. Kg5 1-0

[Event "Djerba Festival Open-A 2024"]
[Site "Djerba"]
[Date "2024.02.23"]
[Round "6.4"]
[White "Taieb, Sahbi"]
[Black "Eden, James"]
[Result "0-1"]
[ECO "A27"]
[WhiteElo "2085"]
[BlackElo "2319"]
[Annotator "RC"]
[PlyCount "80"]
[EventDate "2024.02.18"]
[EventType "swiss"]
[EventCountry "TUN"]
[SourceTitle "playchess.com"]
[Source "ChessBase"]
[SourceQuality "1"]
[TimeControl "5400+30"]

1. c4 e5 2. Nc3 Nc6 3. e3 g6 4. Nf3 Bg7 5. Be2 Nge7 6. a3 O-O 7. O-O d5 8. cxd5 Nxd5 9. Qc2 Re8 10. d3 b6 11. Nxd5 Qxd5 12. Ng5 Bb7 13. Bf3 Qd7 14. Bd2 h6 15. Rac1 hxg5 16. Bxc6 Bxc6 17. Qxc6 Qxd3 18. Bc3 Qd6 19. Bb4 Qxc6 20. Rxc6 e4 21. Rxc7 Bxb2 22. Rd1 a5 23. Be7 b5 24. g4 b4 25. a4 Be5 26. Rb7 Rab8 27. Rxb8 Rxb8 28. Rb1 b3 29. Bc5 b2 30. Bd4 Bxd4 31. exd4 f5 32. Kf1 f4 33. Ke2 Kf7 34. f3 e3 35. Kd3 Ke6 36. Kc3 Kd5 37. Kd3 Rb4 38. Kc3 Rc4+ 39. Kb3 Rxd4 40. Kc3 e2 0-1

[Event "Djerba Festival Open-A 2024"]
[Site "Djerba"]
[Date "2024.02.23"]
[Round "6.5"]
[White "Nassr, Lina"]
[Black "Domenech, Vianney"]
[Result "1/2-1/2"]
[ECO "A12"]
[WhiteElo "2051"]
[BlackElo "2254"]
[Annotator "TA"]
[PlyCount "74"]
[EventDate "2024.02.18"]
[EventType "swiss"]
[EventCountry "TUN"]
[SourceTitle "playchess.com"]
[Source "ChessBase"]
[SourceQuality "1"]
[TimeControl "5400+30"]

1. d4 d5 2. Nf3 Nf6 3. e3 Bg4 4. Be2 Nbd7 5. Nbd2 e6 6. O-O Bd6 7. b3 O-O 8. Bb2 Qe7 9. c4 c6 10. h3 Bh5 11. Ne5 {[%emt 0:07:49] [#] Nxd7 is the strong threat.} Bxe2 12. Qxe2 Ba3 13. Bxa3 Qxa3 14. Nxd7 Nxd7 15. Rfc1 a5 16. Nf3 a4 17. Rab1 (17. b4 $14) 17... axb3 $11 18. axb3 Qb4 19. Ne1 Ra7 20. Nc2 Qb6 21. c5 Qc7 22. Ra1 Rfa8 23. Qe1 e5 24. Rxa7 Rxa7 25. Ra1 Qb8 26. Rxa7 Qxa7 {[%emt 0:00:04][%mdl 4096] Endgame. KQN-KQN} 27. Qa1 Qb8 28. b4 h6 29. Qa4 exd4 30. Nxd4 g6 31. Qa5 Qc8 32. Qa7 Ne5 33. Qa2 Nc4 34. Qa7 Kg7 35. Qa1 {[%emt 0:00:23] [#] White threatens Ne6+ and mate.} Kh7 36. Qa7 Kg7 37. Qa1 {[%emt 0:00:29] Intending Ne6+ and mate.} Kh7 {[%emt 0:00:05] Weighted Error Value: White=0.09 (flawless) /Black=0.07 (flawless) .  Mistake:       	White=1     	---        Inaccurate:     	White=1     	Black=2      OK:         	White=5     	Black=11     Best:        	---       	Black=1} 1/2-1/2

[Event "Djerba Festival Open-A 2024"]
[Site "Djerba"]
[Date "2024.02.23"]
[Round "6.6"]
[White "Dwilewicz, Katarzyna"]
[Black "Barbaria, Yacine"]
[Result "1/2-1/2"]
[ECO "C65"]
[WhiteElo "2129"]
[BlackElo "2206"]
[Annotator "RC"]
[PlyCount "93"]
[EventDate "2024.02.18"]
[EventType "swiss"]
[EventCountry "TUN"]
[SourceTitle "playchess.com"]
[Source "ChessBase"]
[SourceQuality "1"]
[TimeControl "5400+30"]

1. e4 e5 2. Nf3 Nc6 3. Bb5 Bc5 4. O-O Nf6 5. c3 a6 6. Bxc6 bxc6 7. Nxe5 O-O 8. d4 Bb6 9. Re1 Re8 10. Nd2 d5 11. Nxc6 Qd6 12. e5 Qxc6 13. exf6 Rxe1+ 14. Qxe1 Bf5 15. Qe5 Bg6 16. Nf3 Re8 17. Qg5 gxf6 18. Qg3 Qb5 19. h3 Qe2 20. Bd2 Qd3 21. Bh6 Qf5 22. Qf4 Qxf4 23. Bxf4 Re2 24. b4 Kg7 25. a4 a5 26. Re1 Rc2 27. Rc1 Rxc1+ 28. Bxc1 Bc2 29. bxa5 Bxa5 30. Bd2 Bxa4 31. c4 Bxd2 32. Nxd2 dxc4 33. Nxc4 Kg6 34. Ne3 Bd7 35. f4 f5 36. Kf2 Bc6 37. g3 Kf6 38. Ke2 Be4 39. Kd2 Ke6 40. Kc3 Kd6 41. Kc4 c6 42. Kb4 Bd3 43. Kc3 Bb1 44. Kc4 Be4 45. g4 fxg4 46. hxg4 h6 47. Nf1 1/2-1/2

[Event "Djerba Festival Open-A 2024"]
[Site "Djerba"]
[Date "2024.02.23"]
[Round "6.7"]
[White "Lorans, Sylvain"]
[Black "Brahami, Lamine"]
[Result "0-1"]
[ECO "E81"]
[WhiteElo "2076"]
[BlackElo "2178"]
[Annotator "RC"]
[PlyCount "36"]
[EventDate "2024.02.18"]
[EventType "swiss"]
[EventCountry "TUN"]
[SourceTitle "playchess.com"]
[Source "ChessBase"]
[SourceQuality "1"]
[TimeControl "5400+30"]

1. d4 Nf6 2. c4 g6 3. f3 Bg7 4. e4 d6 5. Nc3 c6 6. Be3 O-O 7. Nge2 a6 8. h4 b5 9. g4 e5 10. dxe5 dxe5 11. Qxd8 Rxd8 12. h5 Be6 13. h6 Bf8 14. Ng1 Nbd7 15. Rc1 Nc5 16. Nd5 cxd5 17. cxd5 Ncxe4 18. dxe6 Bb4+ 0-1

[Event "Djerba Festival Open-A 2024"]
[Site "Djerba"]
[Date "2024.02.23"]
[Round "6.8"]
[White "Araoune, Saadi"]
[Black "Egorov, Konstantin"]
[Result "1-0"]
[ECO "D36"]
[WhiteElo "2077"]
[BlackElo "2118"]
[Annotator "NA RC"]
[PlyCount "93"]
[EventDate "2024.02.18"]
[EventType "swiss"]
[EventCountry "TUN"]
[SourceTitle "playchess.com"]
[Source "ChessBase"]
[SourceQuality "1"]
[TimeControl "5400+30"]

1. d4 Nf6 2. c4 e6 3. Nf3 d5 4. Nc3 Be7 5. cxd5 exd5 6. Bg5 c6 7. Qc2 Nbd7 8. e3 O-O 9. Bd3 Re8 10. O-O Nf8 11. Rab1 a5 12. a3 Bd6 13. Bh4 Bg4 14. Nd2 Bd7 15. Bg3 Bxg3 16. hxg3 Ng4 $11 17. Rfe1 h5 18. Nf3 Be6 19. b4 axb4 20. axb4 Nd7 21. Na4 Ndf6 22. Nc5 Bc8 23. b5 b6 24. Na4 cxb5 25. Bxb5 Re7 26. Bd3 Rb7 27. Rb4 Bd7 28. Reb1 Bxa4 29. Rxa4 Rc8 30. Qe2 Rbc7 31. Raa1 g6 32. Ne5 Nxe5 33. dxe5 Ng4 34. e6 f5 35. Qb2 Qd6 36. Ra6 Qxe6 37. Rxb6 Rc6 38. Rxc6 Qxc6 39. Be2 Nf6 40. Qd4 Ne4 41. Rb6 Qc1+ 42. Bf1 Kf7 43. Qxd5+ Kg7 44. Qe6 Qxf1+ 45. Kxf1 Rc1+ 46. Ke2 Rc2+ 47. Kd1 1-0

[Event "Djerba Festival Open-A 2024"]
[Site "Djerba"]
[Date "2024.02.23"]
[Round "6.9"]
[White "Schenaoui Nabil"]
[Black "Kadi, Mohamed El Mouldi"]
[Result "1/2-1/2"]
[ECO "A48"]
[WhiteElo "2115"]
[BlackElo "2067"]
[Annotator "NA RC"]
[PlyCount "108"]
[EventDate "2024.02.18"]
[EventType "swiss"]
[EventCountry "TUN"]
[SourceTitle "playchess.com"]
[Source "ChessBase"]
[SourceQuality "1"]
[TimeControl "5400+30"]

1. d4 Nf6 2. Bf4 g6 3. e3 Bg7 4. h3 d6 5. Nf3 O-O 6. Bc4 Nc6 7. d5 Nb8 8. Nc3 c6 9. dxc6 bxc6 10. e4 Qb6 11. Rb1 Qb4 12. Nd2 Be6 13. a3 Qb7 14. Bxe6 fxe6 15. Be3 e5 $14 16. Nf3 Na6 17. Qe2 Nc7 18. O-O Nh5 19. g3 Kh8 20. Ng5 d5 21. Na4 h6 22. Nf3 Qb5 23. Qxb5 cxb5 24. Nh4 bxa4 25. Nxg6+ Kg8 26. Nxf8 Kxf8 27. exd5 Nxd5 28. Bc5 Rc8 29. Bxa7 Rxc2 30. Rfc1 Rxc1+ 31. Rxc1 e4 32. Rd1 e6 33. Bd4 e3 34. Bxg7+ Kxg7 35. fxe3 Nxg3 36. Kh2 Ne4 37. Rd4 Nc5 38. e4 Nf6 39. e5 Nfd7 40. Rg4+ Kf7 41. Rc4 Kg6 42. Kg3 Kf5 43. Rh4 Nxe5 44. Rxh6 Ned3 45. Kf3 Kg5 46. Rh8 Nxb2 47. h4+ Kg6 48. Ke3 e5 49. h5+ Kg7 50. Rc8 Nbd3 51. Rc6 Kh7 52. h6 Kg8 53. Rc7 e4 54. Rg7+ Kh8 1/2-1/2

[Event "Djerba Festival Open-A 2024"]
[Site "Djerba"]
[Date "2024.02.24"]
[Round "8.1"]
[White "Rudzinska, Michalina"]
[Black "Amdouni, Zoubaier"]
[Result "1-0"]
[ECO "B35"]
[WhiteElo "2241"]
[BlackElo "2209"]
[Annotator "TA"]
[PlyCount "103"]
[EventDate "2024.02.18"]
[EventType "swiss"]
[EventCountry "TUN"]
[SourceTitle "playchess.com"]
[Source "ChessBase"]
[SourceQuality "1"]
[TimeControl "5400+30"]

1. e4 c5 2. Nf3 Nc6 3. d4 cxd4 4. Nxd4 g6 5. Nc3 Bg7 6. Be3 Nf6 7. Bc4 O-O 8. Bb3 Re8 9. Nxc6 dxc6 10. O-O Qc7 {[%emt 0:10:36] The position is equal.} 11. h3 {[%emt 0:06:21] Inhibits Ng4.} (11. Qf3 {looks sharper.} b5 12. a3 a5 13. h3) 11... e5 12. f4 exf4 13. Bxf4 Qb6+ 14. Kh1 Be6 $1 (14... Nxe4 $2 15. Bxf7+ Kh8 16. Bxe8 $18) 15. Qf3 Qa5 (15... Nd7 $11) 16. Bh2 Qh5 17. Bxe6 fxe6 18. Qxh5 (18. Qe3 {is interesting.} Qa5 19. Rad1 Rad8 20. Bd6) 18... gxh5 19. Rad1 Rad8 20. Bg3 Rxd1 21. Rxd1 Re7 22. Rd8+ Re8 23. Rd6 Bf8 24. Rd3 Be7 25. Bh4 Nxe4 26. Nxe4 $16 Bxh4 $11 {[%emt 0:00:02][%mdl 4096] Endgame. [#] KRB-KRN} 27. g3 $1 Be7 28. Rd7 Kf8 29. Rxb7 {[%emt 0:00:23] White is more active.} Rd8 {[%emt 0:02:15] [#]} 30. Kg2 $1 (30. Rxa7 $6 Rd4 31. Nc3 h4 $14) 30... Rd4 31. Kf3 Ra4 32. a3 Ra6 33. Kf4 Ra5 34. Rc7 Rf5+ 35. Ke3 h4 36. g4 (36. Rxa7 $6 hxg3 37. Ra8+ Kf7 38. Nxg3 Bg5+ 39. Ke2 Rf4 $16) 36... Rf1 37. Rxc6 (37. Rxa7 $6 Rh1 $11) 37... Rh1 38. Nf2 (38. Rxe6 $6 Rxh3+ 39. Kf4 Rh1 $11) 38... Rb1 39. b4 (39. Rxe6 $2 Re1+ (39... Rxb2 40. Rc6 $14) 40. Kd3 Rxe6 $19) 39... Ra1 40. Rc3 (40. Rxe6 $2 {too greedy.} Re1+ (40... Rxa3+ 41. Nd3 $14) 41. Kd3 Rxe6 $19) 40... a5 41. bxa5 Bxa3 42. Rc6 (42. Rc8+ $18 Ke7 43. Nd3) 42... Bc1+ $16 43. Kf3 ({White should try} 43. Ke4 $16 {Nd3 is the strong threat.} Rxa5 44. Nd3 (44. Rxe6 Rc5 $11)) 43... Rxa5 $14 44. Rxe6 Kf7 45. Rc6 h5 46. Nd3 Bg5 {[%emt 0:00:18][%mdl 8192] Loses the game.} (46... Ba3 $16 {is tougher.}) 47. gxh5 $18 {[%emt 0:00:34][%cal Bg4h5,Bh5h6,Bh6h7][%mdl 32] Black must now prevent Rc5.} Bf6 48. Rc7+ Be7 $2 (48... Kg8 49. Rc5 Ra6) 49. Nf4 {[%emt 0:00:30] aiming for h6.} Ke8 50. h6 Ra6 51. h7 Rh6 {[%emt 0:00:12] [#]} 52. Rxe7+ $1 {[%emt 0:00:09] Weighted Error Value: White=0.09 (flawless) /Black=0.39.  Loses game:     	---       	Black=1      Mistake:       	White=2     	Black=3      Inaccurate:     	---       	Black=1      OK:         	White=17    	Black=14     Best:        	White=5     	Black=2      Strong:       	White=2     	Black=1} 1-0

[Event "Djerba Festival Open-A 2024"]
[Site "Djerba"]
[Date "2024.02.24"]
[Round "8.2"]
[White "Defromont, Benjamin"]
[Black "Brahami, Lamine"]
[Result "1-0"]
[ECO "B92"]
[WhiteElo "2423"]
[BlackElo "2178"]
[Annotator "RC"]
[PlyCount "119"]
[EventDate "2024.02.18"]
[EventType "swiss"]
[EventCountry "TUN"]
[SourceTitle "playchess.com"]
[Source "ChessBase"]
[SourceQuality "1"]
[TimeControl "5400+30"]

1. e4 c5 2. Nf3 d6 3. d4 cxd4 4. Nxd4 Nf6 5. Nc3 a6 6. Be2 e5 7. Nb3 Be7 8. Be3 Be6 9. Nd5 Nxd5 10. exd5 Bf5 11. Qd2 Nd7 12. Na5 Qc7 13. c4 Bg6 14. O-O O-O 15. b4 f5 16. f4 Bf6 17. Rac1 b6 18. Nc6 h6 19. a4 a5 20. bxa5 bxa5 21. Rb1 Bh7 22. Rb5 exf4 23. Bxf4 g5 24. Be3 Nc5 25. Rxc5 dxc5 26. Bxc5 Rf7 27. Bf3 Rc8 28. Rb1 g4 29. d6 Qd7 30. Rb7 Qxb7 31. Ne7+ Rxe7 32. Bxb7 Rxb7 33. Qd5+ Rf7 34. Bb6 Rb8 35. c5 f4 36. d7 Kg7 37. d8=Q Bxd8 38. Bxd8 Rb1+ 39. Kf2 Bf5 40. Bxa5 Rb2+ 41. Bd2 Rc2 42. Kg1 Bg6 43. Qe5+ Kh7 44. Bxf4 Rb7 45. Qe1 Rc4 46. Qe3 Re4 47. Qd2 Reb4 48. Be5 Rc4 49. Qd5 Rc1+ 50. Kf2 Rf7+ 51. Kg3 Re1 52. c6 Re3+ 53. Kh4 g3 54. hxg3 Rf1 55. c7 Bf7 56. c8=Q Bxd5 57. Qh8+ Kg6 58. Qg7+ Kf5 59. Qf6+ Ke4 60. Qxf1 1-0

[Event "Djerba Festival Open-A 2024"]
[Site "Djerba"]
[Date "2024.02.24"]
[Round "8.3"]
[White "Travadon, Loic"]
[Black "Djabri, Massinas"]
[Result "1/2-1/2"]
[ECO "B86"]
[WhiteElo "2460"]
[BlackElo "2238"]
[Annotator "TA"]
[PlyCount "66"]
[EventDate "2024.02.18"]
[EventType "swiss"]
[EventCountry "TUN"]
[SourceTitle "playchess.com"]
[Source "ChessBase"]
[SourceQuality "1"]
[TimeControl "5400+30"]

1. e4 c5 2. Nf3 d6 3. d4 cxd4 4. Nxd4 Nf6 5. Nc3 a6 6. Bc4 e6 7. Bb3 Be7 8. Qf3 Qc7 9. O-O O-O 10. Qg3 Nc6 11. Nxc6 Qxc6 12. Bh6 {[%emt 0:00:38] White is slightly better.} Nh5 13. Qg4 {[%emt 0:00:32] White is more active.} Qc5 14. Be3 Nf6 $1 15. Bxc5 Nxg4 16. Ba3 b5 17. f4 {[%emt 0:01:54] Prevents Ne5} Bd8 {[%emt 0:10:53] And now ...Bb6+ would win.} 18. h3 Bb6+ 19. Kh1 Ne3 20. Rf3 (20. Rfe1 $5) 20... Rd8 {[%emt 0:00:43] White should prevent ...a5.} (20... a5 $5 21. Bxd6 (21. Nxb5 a4 $15) 21... a4 22. Bxf8 Kxf8 23. Nxb5 axb3 24. cxb3 Ba6 $17) 21. Re1 Nc4 22. Bxc4 bxc4 23. Rd1 {[%emt 0:00:22] [#]} d5 $1 24. exd5 Bb7 25. Rff1 exd5 26. Na4 Bc7 27. Bc5 Bc6 28. Nc3 Rab8 29. b3 Ba5 30. Bd4 Re8 31. Rfe1 f6 32. Rxe8+ Rxe8 33. Kg1 Bxc3 {[%emt 0:02:17] Weighted Error Value: White=0.08 (flawless) /Black=0.06 (flawless) .  Inaccurate:     	White=4     	Black=1      OK:         	White=12    	Black=6      Best:        	White=2     	Black=2      Strong:       	---       	Black=1} 1/2-1/2

[Event "Djerba Festival Open-A 2024"]
[Site "Djerba"]
[Date "2024.02.24"]
[Round "8.4"]
[White "Araoune, Saadi"]
[Black "Abbes, Ali"]
[Result "0-1"]
[ECO "B38"]
[WhiteElo "2077"]
[BlackElo "2218"]
[Annotator "RC"]
[PlyCount "80"]
[EventDate "2024.02.18"]
[EventType "swiss"]
[EventCountry "TUN"]
[SourceTitle "playchess.com"]
[Source "ChessBase"]
[SourceQuality "1"]
[TimeControl "5400+30"]

1. d4 Nf6 2. c4 g6 3. Nc3 Bg7 4. e4 d6 5. Nf3 O-O 6. Be2 c5 7. O-O cxd4 8. Nxd4 Nc6 9. Be3 Bd7 10. f3 a6 11. Qd2 Rc8 12. Rac1 Re8 13. Rfd1 Qa5 14. Nb3 Qb4 15. Qc2 Na5 16. Nxa5 Qxa5 17. Qb3 Qh5 18. Bf1 Bh6 19. Nd5 Nxd5 20. Rxd5 Bxe3+ 21. Qxe3 Qh4 22. e5 Bc6 23. Rd4 Qh5 24. exd6 exd6 25. Qd2 Re6 26. b4 Rce8 27. Rxd6 Rxd6 28. Qxd6 Bxf3 29. Rc3 Be2 30. Qd5 Qh4 31. Rc1 Rd8 32. Qe5 Bxf1 33. Kxf1 h5 34. Kg1 Rd2 35. Rf1 Qxc4 36. Qe8+ Kg7 37. Qe5+ Kh7 38. Qe7 Qd4+ 39. Kh1 Rf2 40. Rxf2 Qd1+ 0-1

[Event "Djerba Festival Open-A 2024"]
[Site "Djerba"]
[Date "2024.02.24"]
[Round "8.5"]
[White "Dwilewicz, Katarzyna"]
[Black "Domenech, Vianney"]
[Result "0-1"]
[ECO "B06"]
[WhiteElo "2129"]
[BlackElo "2254"]
[Annotator "ChessBase"]
[PlyCount "228"]
[EventDate "2024.02.18"]
[EventType "swiss"]
[EventCountry "TUN"]
[SourceTitle "playchess.com"]
[Source "ChessBase"]
[SourceQuality "1"]
[TimeControl "5400+30"]

1. e4 g6 2. d4 Bg7 3. Nc3 d6 4. Be3 a6 5. Qd2 b5 6. f3 Nd7 7. h4 h5 8. Nh3 Bb7 9. Ng5 c5 10. dxc5 Nxc5 11. Bd4 e5 12. Be3 Rc8 13. Rd1 Nf6 14. Qxd6 Ncd7 15. g3 Rc6 16. Qd2 Qc7 17. Bd3 O-O 18. O-O Nb6 19. a3 Nc4 20. Bxc4 Rxc4 21. Qd6 Qc8 22. Rd2 Ne8 23. Qb6 Rc6 24. Qd8 Nc7 25. Qxc8 Bxc8 26. Kg2 f6 27. Nh3 Be6 28. Rfd1 Rc8 29. Nf2 Bf8 30. Nd5 Kf7 31. Nb4 Rc4 32. c3 a5 33. Nd5 Rc6 34. f4 exf4 35. Bxf4 Na6 36. e5 fxe5 37. Bxe5 Nc5 38. Rd4 Bh6 39. Nf4 Bf5 40. Rd8 Na4 41. Rxc8 Rxc8 42. Rd2 Re8 43. Bc7 Nc5 44. Rd5 Bf8 45. Bxa5 Ne4 46. Rxb5 Bd6 47. Rb7+ Kg8 48. Bb4 Be5 49. Re7 Rxe7 50. Bxe7 Kf7 51. Bb4 Nd2 52. N4d3 Bc7 53. a4 Bd7 54. Nc5 Bc6+ 55. Kg1 Bxg3 56. a5 Bxh4 57. a6 Bg5 58. Nd1 h4 59. Nd3 Ke6 60. Bc5 Nf3+ 61. Kf2 h3 62. Kg3 h2 63. Kg2 Ne1+ 64. Kxh2 Nxd3 65. Bd4 Bf4+ 66. Kg1 Kd5 67. b3 g5 68. Kg2 g4 69. Bb6 Kd6+ 70. Kg1 Kd7 71. c4 Kc8 72. Nc3 Ne1 73. Kf2 Nd3+ 74. Kg1 Be5 75. Ne2 Nb4 76. a7 Kb7 77. Be3 Nc2 78. Bc5 Bf3 79. Kf2 Bxe2 80. Kxe2 Nd4+ 81. Kd3 Nxb3 82. Bf2 Bd6 83. Ke4 Nd2+ 84. Kd3 Nb3 85. Ke4 g3 86. Bxg3 Bxg3 87. Kf3 Bc7 88. c5 Kxa7 89. c6 Kb6 90. Kg2 Nc5 91. Kf3 Ne6 92. Ke4 Kxc6 93. Kf3 Kd5 94. Kg2 Ke4 95. Kh1 Kf3 96. Kg1 Ng5 97. Kh1 Ne4 98. Kg1 Nf2 99. Kf1 Bh2 100. Ke1 Ne4 101. Kf1 Nd2+ 102. Ke1 Ke3 103. Kd1 Kd3 104. Ke1 Bg3+ 105. Kd1 Bf2 106. Kc1 Nc4 107. Kd1 Nb2+ 108. Kc1 Kc3 109. Kb1 Kb3 110. Ka1 Be3 111. Kb1 Nc4 112. Ka1 Bf4 113. Kb1 Na3+ 114. Ka1 Be5# 0-1

[Event "Djerba Festival Open-A 2024"]
[Site "Djerba"]
[Date "2024.02.24"]
[Round "8.6"]
[White "Kadi, Mohamed El Mouldi"]
[Black "Eden, James"]
[Result "0-1"]
[ECO "B63"]
[WhiteElo "2067"]
[BlackElo "2319"]
[Annotator "TA"]
[PlyCount "69"]
[EventDate "2024.02.18"]
[EventType "swiss"]
[EventCountry "TUN"]
[SourceTitle "playchess.com"]
[Source "ChessBase"]
[SourceQuality "1"]
[TimeControl "5400+30"]

1. e4 c5 2. Nf3 d6 3. d4 cxd4 4. Nxd4 Nf6 5. Nc3 Nc6 6. Bg5 e6 7. Qd2 Be7 8. Be2 O-O 9. O-O-O Nxd4 10. Qxd4 {[%emt 0:00:06] [#]} Nxe4 $1 11. Nxe4 {[%emt 0:06:39] Droht stark Bxe7.} Bxg5+ 12. Nxg5 Qxg5+ {[%emt 0:00:11] Schwarz steht etwas besser.} 13. f4 Qa5 14. Qxd6 (14. Kb1 $15 Bd7 15. Qxd6) 14... Qxa2 $17 15. Qb4 {[%emt 0:12:27] [#] Bc4 wäre nun fies.} Bd7 $1 16. Qa3 (16. Bc4 Qa1+) 16... Qxa3 17. bxa3 Bc6 18. Rhg1 Rfd8 19. g3 Kf8 20. Rxd8+ Rxd8 21. Rd1 Rxd1+ 22. Kxd1 $19 {[%emt 0:00:39][%mdl 4096] Endspiel. KB-KB} Ke7 23. Kd2 Kd6 24. Ke3 Kc5 25. Bd3 h6 26. Kd2 b5 {[%emt 0:00:55] Und jetzt ...b4 wäre schön.} 27. Kc3 (27. c3 $17) 27... a5 28. Be2 Bd5 29. Bf1 (29. Kb2 $142 Bc4 30. Bg4) 29... b4+ {[%emt 0:00:18] Schwarz steht klar auf Gewinn.} 30. axb4+ axb4+ 31. Kd2 Kd4 32. Be2 f6 {[%emt 0:00:26] Weiss muss nun ...e5 beachten.} 33. Bf1 e5 34. fxe5 fxe5 {[%emt 0:00:09] ...e4 ist eine echte Drohung.} 35. Ke1 {[%emt 0:02:06] Schwarz nahm nach der Eröffnung die Zügel in die Hand.   Gewichteter Fehlerwert: Weiß=1.00/Schwarz=0.02 (makellos) .  Verlustzug:     	Weiß=1     	---        Fehler:       	Weiß=2     	---        Ungenau:       	Weiß=2     	---        OK:         	Weiß=3     	Schwarz=11    Bester:       	---       	Schwarz=2} 0-1

[Event "Djerba Festival Open-A 2024"]
[Site "Djerba"]
[Date "2024.02.24"]
[Round "8.7"]
[White "Marin, Sam"]
[Black "Taieb, Sahbi"]
[Result "1/2-1/2"]
[ECO "A37"]
[WhiteElo "2014"]
[BlackElo "2085"]
[Annotator "NA"]
[PlyCount "107"]
[EventDate "2024.02.18"]
[EventType "swiss"]
[EventCountry "TUN"]
[SourceTitle "playchess.com"]
[Source "ChessBase"]
[SourceQuality "1"]
[TimeControl "5400+30"]

1. c4 c5 2. Nc3 Nc6 3. g3 g6 4. Bg2 Bg7 5. Nf3 e5 6. O-O Nge7 7. d3 O-O 8. Ne1 d6 9. Rb1 Bg4 10. h3 Be6 11. Nc2 d5 12. cxd5 Nxd5 13. Ne3 Nde7 14. a3 Qd7 15. Kh2 f5 16. b4 cxb4 17. axb4 Rac8 18. Bd2 Rfd8 19. b5 Nd4 20. Qa4 b6 21. Ned1 Bf7 22. Bg5 h6 23. Bxe7 Qxe7 24. e3 Ne6 25. Nd5 Qd7 26. N1c3 e4 27. Qa3 exd3 28. Ne7+ Kh7 29. Nxc8 Qxc8 30. Nd5 Nc5 31. Ne7 Qc7 32. Nc6 Rd6 33. Nxa7 Ne4 34. Rbc1 Qd7 35. Nc8 d2 36. Nxd6 dxc1=Q 37. Rxc1 Qxd6 38. Qxd6 Nxd6 39. Rc6 Nxb5 40. Rxb6 Nc3 41. Rb7 Bg8 42. g4 Be6 43. Re7 Ba2 44. gxf5 gxf5 45. Bc6 Kg6 46. Be8+ Kf6 47. Ra7 Bf8 48. Ra6+ Kg7 49. Bh5 Bd5 50. Rg6+ Kh7 51. Rf6 Be7 52. Rxf5 Be6 53. Ra5 Bd6+ 54. f4 1/2-1/2

[Event "Djerba Festival Open-A 2024"]
[Site "Djerba"]
[Date "2024.02.24"]
[Round "8.8"]
[White "Nassr, Lina"]
[Black "Alhassadi, Yousef A."]
[Result "1/2-1/2"]
[ECO "D05"]
[WhiteElo "2051"]
[BlackElo "2011"]
[Annotator "NA"]
[PlyCount "72"]
[EventDate "2024.02.18"]
[EventType "swiss"]
[EventCountry "TUN"]
[SourceTitle "playchess.com"]
[Source "ChessBase"]
[SourceQuality "1"]
[TimeControl "5400+30"]

1. d4 d5 2. Nf3 e6 3. e3 c5 4. Be2 Nc6 5. b3 cxd4 6. exd4 Nf6 7. O-O Bd6 8. Bb2 O-O 9. Re1 Ne4 10. Nbd2 Bb4 11. Bd3 f5 12. Rf1 Qf6 13. Nb1 Bd6 14. Bb5 Nb8 15. Ne5 a6 16. Bd3 Nc6 17. f4 g5 18. Bxe4 fxe4 19. fxg5 Qxg5 20. Qg4 Rxf1+ 21. Kxf1 Qxg4 22. Nxg4 Kg7 23. g3 h5 24. Ne3 Bd7 25. Nd2 Be7 26. Ke2 Bf6 27. c3 Ne7 28. Rg1 Kg6 29. Ba3 Rc8 30. g4 Rxc3 31. gxh5+ Kxh5 32. Bxe7 Bxe7 33. Ng2 Bb5+ 34. Kd1 Bg5 35. h4 Bh6 36. Nf1 Rc1# 1/2-1/2

[Event "Djerba Festival Open-A 2024"]
[Site "Djerba"]
[Date "2024.02.24"]
[Round "8.9"]
[White "Barbaria, Yacine"]
[Black "Egorov, Konstantin"]
[Result "1/2-1/2"]
[ECO "B23"]
[WhiteElo "2206"]
[BlackElo "2118"]
[Annotator "RC"]
[PlyCount "181"]
[EventDate "2024.02.18"]
[EventType "swiss"]
[EventCountry "TUN"]
[SourceTitle "playchess.com"]
[Source "ChessBase"]
[SourceQuality "1"]
[TimeControl "5400+30"]

1. e4 c5 2. Nc3 g6 3. f4 Bg7 4. Nf3 Nc6 5. Bb5 Nd4 6. Bc4 e6 7. d3 d6 8. O-O Ne7 9. a4 O-O 10. Ba2 b6 11. Ne2 Bb7 12. Ng3 Nxf3+ 13. Qxf3 Nf5 14. c3 a6 15. Ne2 Ne7 16. Qh3 d5 17. f5 exf5 18. exf5 Nxf5 19. Rxf5 gxf5 20. Bd2 Qe8 21. Nf4 Qxa4 22. Qxf5 Rae8 23. d4 cxd4 24. b3 Qc6 25. Bb1 Re4 26. c4 dxc4 27. bxc4 Rfe8 28. Nd5 Qe6 29. Bxe4 Qxe4 30. Re1 Bxd5 31. Rxe4 Bxe4 32. Qd7 Ra8 33. Qe7 f5 34. g4 Rf8 35. Qe6+ Kh8 36. Bb4 Rg8 37. Kf2 a5 38. Bd6 d3 39. Ke3 Rd8 40. gxf5 d2 41. Kxd2 Bxf5 42. Qe7 Rg8 43. Bc7 Bg6 44. Bxb6 a4 45. Qa7 Be8 46. Bd4 h5 47. Kc3 Bxd4+ 48. Kxd4 Rg4+ 49. Ke5 Kg8 50. Qe7 Bf7 51. Qd8+ Kg7 52. Qf6+ Kg8 53. c5 a3 54. Qd8+ Kg7 55. Qf6+ Kg8 56. Qd8+ Kh7 57. Qd3+ Kg7 58. Qxa3 Rg6 59. Qf3 Re6+ 60. Kd4 Be8 61. Qf5 Rc6 62. Kd5 Rg6 63. Qe5+ Kf8 64. h3 Bf7+ 65. Kd4 Be8 66. Qf5+ Bf7 67. Qc8+ Be8 68. Qf5+ Bf7 69. Qc8+ Be8 70. Qc7 Kg8 71. Ke5 Kf8 72. Qh7 Bf7 73. Qh8+ Ke7 74. Qc8 Re6+ 75. Kd4 Be8 76. Kd5 Rg6 77. Qf5 Bf7+ 78. Kd4 Re6 79. Qg5+ Kd7 80. Qh4 Ke8 81. Qf4 Kf8 82. Qb8+ Be8 83. Kd5 Rg6 84. Qd8 Kf7 85. Ke5 Rc6 86. Qd5+ Kg7 87. Qd8 Kf7 88. Kd5 Rg6 89. Qc7+ Kf8 90. Qh7 Bf7+ 91. Ke5 1/2-1/2